 Dungeon Crawl Stone Soup version bcrawl-1.26.1 (console) character file.

Game seed: 12987976324609575282

329105 GodsVoicemail the Archer (level 9, 0/111 HPs)
             Began as a Centaur Hunter on July 13, 2020.
             Was an Initiate of Okawaru.
             Slain by a killer bee (6 damage)
             ... in the Ecumenical Temple.
             The game lasted 00:27:24 (6231 turns).

GodsVoicemail the Archer (Centaur Hunter)           Turns: 6231, Time: 00:27:24

Health: 0/111      AC: 24    Str: 20    XL:     9   Next: 81%
Magic:  10/10      EV:  1    Int: 10    God:    Okawaru [......]
Gold:   459        SH:  0    Dex: 13    Spells: 9/10 levels left

rFire    . . .     SeeInvis .   a - +2 mace (venom)
rCold    . . .     Gourm    .   (no shield)
rNeg     + + +     Faith    .   (armour currently unavailable)
rPois    +         Spirit   .   (helmet currently unavailable)
rElec    .         Reflect  .   (cloak currently unavailable)
rCorr    .         Harm     .   (gloves currently unavailable)
MR       .....     NoTele   +   (no barding)
Stlth    +.........             (no amulet)
HPRegen  0.28/turn              H - ring of poison resistance
MPRegen  0.12/turn              (no ring)

@: mighty, lethally poisoned (0 -> 0), swift, tree-form, very quick
A: giant
a: Renounce Religion


You were in the Ecumenical Temple.
You worshipped Okawaru.
Okawaru was noncommittal.
You were not hungry.
You were a tree.
You visited 2 branches of the dungeon, and saw 8 of its levels.

You collected 459 gold pieces.

Inventory:

Hand Weapons
 a - a +2 mace of venom (weapon)
 b - a +2 shortbow
 w - a +1 blowgun
Missiles
 d - 1748 arrows
 h - 196 sling bullets
 j - 1235 stones (quivered)
 p - 225 poisoned needles
 u - 9 curare-tipped needles
 B - 111 tomahawks
Armour
 c - a +0 leather armour
 m - a +0 ring mail
 s - the +7 chain mail "Nuageqits" (melded) {*Contam rCorr Int-2 Dex+7}
   (You found it on level 4 of the Dungeon)

   It affects your intelligence (-2).
   It affects your dexterity (+7).
   It causes magical contamination when unequipped.
   It provides partial protection from all sources of acid and corrosion.
 t - a +2 cloak (melded)
 x - a +0 pair of gloves (melded)
Jewellery
 H - a ring of poison resistance (left branch)
Wands
 n - a wand of paralysis (4)
 G - a wand of iceblast (13)
 J - a wand of clouds (3)
Scrolls
 k - 2 scrolls of identify
 q - a scroll of remove curse
 y - a scroll of enchant armour
 D - a scroll of amnesia
 I - 2 scrolls of blinking {unknown}
 M - a scroll of teleportation
 N - a scroll of noise {unknown}
 O - a scroll of immolation {unknown}
Potions
 f - a potion of cancellation
 g - a potion of agility {unknown}
 i - a potion of heal wounds {unknown}
 l - a potion of brilliance {unknown}
 o - a potion of ambrosia {unknown}
 r - a potion of resistance {unknown}
 v - 2 potions of lignification
 z - a potion of might
 C - a potion of invisibility {unknown}
 F - a potion of degeneration {unknown}
 K - a potion of haste {unknown}
 L - a potion of mutation {unknown}
 P - 2 potions of flight
Comestibles
 e - 9 rations {!d}
 A - a chunk of flesh


   Skills:
 + Level 5.2 Fighting
 * Level 12.5 Bows
 - Level 1.3 Dodging
 - Level 0.5 Stealth
 * Level 9.0 Unarmed Combat
 + Level 1.3 Spellcasting
 + Level 1.6 Transmutations


You had 9 spell levels left.
You knew the following spells:

 Your Spells              Type           Power        Failure   Level  Hunger
a - Beastly Appendage     Tmut           #.....       17%         1    ##.....

Your spell library contained the following spells:

 Spells                   Type           Power        Failure   Level  Hunger
 Sticks to Snakes         Tmut           #.......     26%         2    ###....
 Spider Form              Tmut/Pois      #..          58%         3    ####...
 Ice Form                 Ice/Tmut       #.......     94%         4    #####..
 Blade Hands              Tmut           #.........   99%         5    ######.


Dungeon Overview and Level Annotations

Branches:
Dungeon (7/12)             Temple (1/1) D:7            Lair (0/6) D:7

Altars:
Ashenzari
Cheibriados
Elyvilon
Fedhas
Gozag
Kikubaaqudgha
Lugonu
Makhleb
Nemelex Xobeh
Okawaru
Qazlal
Ru
Sif Muna
Trog
Wu Jian
Yredelemnul
Zin
The Shining One

Annotations:
D:6 exclusion: downstairs


Innate Abilities, Weirdness & Mutations

((You have hooves in place of feet.))
((Armour fits poorly on your strangely shaped body.))
((You cover ground very quickly.))
((You have extremely tough skin. (AC +3)))


Message History

The killer bee stings you.
* * * LOW HITPOINT WARNING * * *
The killer bee stings you but does no damage. x3
You feel very mighty all of a sudden.
You feel sick.
The killer bee stings you but does no damage. x2
The killer bee stings you.
* * * LOW HITPOINT WARNING * * *
The killer bee stings you.
* * * LOW HITPOINT WARNING * * *
You barely miss the killer bee.
The killer bee is severely wounded.
The killer bee completely misses you.
The killer bee stings you but does no damage. x4
No path to travel!
You barely miss the killer bee.
The killer bee is severely wounded.
The killer bee stings you but does no damage.
The killer bee stings you.
You die...

#§§§.._.8...8._..≈§§#
#§§......._.......≈≈#
##≈.._.............§≈##
##≈...................≈##
#≈.._..............._..§#
##≈...................≈##
###8...............8###
##...................##
#≈.._.....†♣......_.§≈#
##........yy........§##
###8...............8###
##≈...................§##
#≈..§..............._..§#
##≈...................§##
##§.............._..≈##
#§≈......._.......≈≈#
#≈§§§._.8...8._..≈≈≈#


You could see 2 killer bees.

Vanquished Creatures
  2 centaur skeletons
  A troll (D:6)
  A crocodile (D:6)
  An orc warrior (D:5)
  A black bear (D:6)
  4 sky beasts
  An ice beast (D:5)
  3 centaurs
  A necrophage (D:6)
  3 ogres
  2 wolves
  A big kobold (D:6)
  4 bullfrogs
  3 scorpions
  2 killer bees (Temple)
  3 wights (D:6)
  A howler monkey (D:4)
  A crimson imp (D:4)
  4 hounds
  A bullfrog skeleton (D:4)
  5 orc wizards
  Jessica (D:3)
  4 worker ants
  11 gnolls
  9 adders
  4 adder skeletons
  3 worms
  5 dart slugs
  5 leopard geckos
  12 orcs
  A bat (D:1)
  3 giant cockroaches
  3 goblins
  11 hobgoblins
  10 jackals
  4 quokkas
  A ball python (D:2)
  5 frilled lizards
  A jackal skeleton (D:7)
  9 kobolds
  9 rats
156 creatures vanquished.

Notes
Turn   | Place    | Note
-------+----------+-------------------------------------------
     0 | D:1      | GodsVoicemail the Centaur Hunter began the quest for the
                  | Orb.
     0 | D:1      | Reached XP level 1. HP: 17/17 MP: 1/1
   158 | D:1      | Reached skill level 1 in Unarmed Combat
   217 | D:1      | Reached XP level 2. HP: 24/24 MP: 2/2
   560 | D:1      | Reached skill level 6 in Bows
   691 | D:2      | Reached XP level 3. HP: 29/29 MP: 3/3
  1005 | D:2      | Found a corrupted altar of Lugonu.
  1009 | D:2      | Got a coiled golden ring
  1015 | D:2      | Identified the ring "Caibb" {Fire *Drain Dex+3} (You found
                  | it on level 2 of the Dungeon)
  1244 | D:3      | Found a stormy altar of Qazlal.
  1255 | D:2      | Reached XP level 4. HP: 23/36 MP: 4/4
  1440 | D:3      | Reached skill level 7 in Bows
  1440 | D:3      | Reached XP level 5. HP: 23/41 MP: 5/5
  1874 | D:3      | Found a snail-covered altar of Cheibriados.
  1888 | D:3      | Noticed Jessica
  1892 | D:3      | Killed Jessica
  2265 | D:3      | Reached XP level 6. HP: 40/48 MP: 6/6
  2340 | D:4      | Reached skill level 8 in Bows
  2671 | D:3      | Reached skill level 5 in Unarmed Combat
  2783 | D:4      | Reached XP level 7. HP: 43/55 MP: 7/7
  2906 | D:3      | Reached skill level 9 in Bows
  3205 | D:4      | Got a buzzing chain mail
  3810 | D:4      | Found a shimmering blue altar of Sif Muna.
  3825 | D:5      | Entered Level 5 of the Dungeon
  3928 | D:5      | Reached XP level 8. HP: 57/62 MP: 8/8
  3952 | D:4      | Identified the +7 chain mail "Nuageqits" {*Contam rCorr
                  | Int-2 Dex+7} (You found it on level 4 of the Dungeon)
  3967 | D:5      | Reached skill level 10 in Bows
  4916 | D:6      | Reached skill level 11 in Bows
  4973 | D:6      | Reached XP level 9. HP: 48/71 MP: 9/9
  5155 | D:6      | Noticed a troll
  5170 | D:6      | Killed a troll
  5504 | D:6      | Reached skill level 12 in Bows
  5515 | D:6      | Learned a level 1 spell: Beastly Appendage
  5688 | D:6      | Found a blossoming altar of Fedhas.
  5929 | D:7      | Noticed a troll
  5974 | D:6      | Reached skill level 5 in Fighting
  5974 | D:6      | Reached skill level 1 in Transmutations
  6014 | D:7      | Found a burning altar of Makhleb.
  6046 | D:7      | Reached skill level 1 in Spellcasting
  6086 | D:7      | Found a staircase to the Ecumenical Temple.
  6092 | D:7      | Found a bloodstained altar of Trog.
  6095 | Temple   | Entered the Ecumenical Temple
  6153 | Temple   | Became a worshipper of Warmaster Okawaru
  6231 | Temple   | Slain by a killer bee

Skill      XL: |  1  2  3  4  5  6  7  8  9 |
---------------+----------------------------+-----
Unarmed Combat | 1 2 3 4 5 6 8 9 |  9.0
Bows           | 6 7 8 9 11 12 | 12.5
Fighting       | 4 5 |  5.2
Transmutations | 1 |  1.6
Spellcasting   | 1 |  1.3
Dodging        | |  1.3
Stealth        | |  0.5

Action                   |  1- 3 |  4- 6 |  7- 9 || total
-------------------------+-------+-------+-------++-------
Melee: Short sword       |    77 |       |       ||    77
       Kick              |    17 |    27 |    76 ||   120
       Mace              |    37 |   102 |   191 ||   330
       Punch             |       |     1 |     8 ||     9
       Unarmed           |       |    26 |    54 ||    80
 Fire: Shortbow          |       |     6 |    41 ||    47
       Blowgun           |       |     3 |       ||     3
Throw: Stone             |    40 |     7 |     5 ||    52
       Tomahawk          |       |       |     1 ||     1
  Use: Scroll            |     1 |     2 |     6 ||     9
       Potion            |       |     3 |     3 ||     6
  Eat: Chunk             |       |     5 |     9 ||    14
Armor: Leather armour    |    20 |       |       ||    20
       Ring mail         |    12 |    67 |    32 ||   111
       Chain mail        |       |       |   170 ||   170
       Skin              |       |       |    45 ||    45
Dodge: Dodged            |    46 |    58 |    87 ||   191
